 Dungeon Crawl Stone Soup version 0.22.0 (webtiles) character file.

32520 Gergoth the Geomancer (level 13, -7/86 HPs)
             Began as a Gargoyle Earth Elementalist on Aug 11, 2018.
             Was an Elder of Vehumet.
             Mangled by a hornet (10 damage)
             ... created by a shambling mangrove
             ... on level 1 of the Swamp.
             The game lasted 00:46:54 (17663 turns).

Gergoth the Geomancer (GrEE)                       Turns: 17663, Time: 00:46:55

Health: -7/86      AC: 17    Str: 13    XL:     13   Next: 65%
Magic:  1/25       EV: 11    Int: 20    God:    Vehumet [****..]
Gold:   943        SH:  4    Dex: 10    Spells: 9/28 levels left

rFire    + . .     SeeInvis .   C - +2 flail (protect)
rCold    . . .     Gourm    .   g - +0 buckler
rNeg     + . .     Faith    .   l - +0 ring mail
rPois    ∞         Spirit   .   O - +0 helmet
rElec    +         Reflect  .   (no cloak)
rCorr    .         Harm     .   k - +0 pair of gloves
MR       +....                  (no boots)
Stlth    +.........             (no amulet)
HPRegen  0.24/turn              a - ring of protection from fire
MPRegen  0.19/turn              z - ring of protection from magic

@: no status effects
A: negative energy resistance 1, electricity resistance, unbreathing,
petrification resistance, rot immunity, AC +9
a: Renounce Religion


You were on level 1 of the Swamp.
You worshipped Vehumet.
Vehumet was greatly pleased with you.
You were not hungry.

You visited 4 branches of the dungeon, and saw 16 of its levels.

You collected 943 gold pieces.

Inventory:

Hand Weapons
 m - a +0 whip
 C - a +2 flail of protection (weapon)
 Y - the +6 hand axe "Faihy" {chaos, rC+ MR- Int+4 Dex+4, unknown}
   (You found it on level 3 of the Lair of Beasts)

   Each time it hits an enemy it has a different, random effect.
   It affects your intelligence (+4).
   It affects your dexterity (+4).
   It protects you from cold.
   It affects your resistance to hostile enchantments.
Missiles
 p - 126 stones (quivered)
Armour
 g - a +0 buckler (worn)
 k - a +0 pair of gloves (worn)
 l - a +0 ring mail (worn)
 O - a +0 helmet (worn)
 P - a +0 cloak
Jewellery
 a - a ring of protection from fire (left hand)
 z - a ring of protection from magic (right hand)
 E - a cursed amulet of inaccuracy {unknown}
 J - an uncursed ring of fire {unknown}
 K - an uncursed amulet of the acrobat {unknown}
Wands
 c - a wand of iceblast (12)
 D - a wand of flame (67)
 F - a wand of paralysis (4)
 L - a wand of random effects (27)
 M - a wand of disintegration (9)
 T - a wand of digging (13)
Scrolls
 h - 14 scrolls of identify {unknown}
 i - 5 scrolls of remove curse {unknown}
 n - 6 scrolls of immolation {unknown}
 q - 3 scrolls of enchant weapon {unknown}
 s - 2 scrolls of magic mapping {unknown}
 x - 4 scrolls of enchant armour {unknown}
 y - 4 scrolls of teleportation {unknown}
 A - a scroll of silence {unknown}
 B - 2 scrolls of amnesia {unknown}
 H - 3 scrolls of blinking {unknown}
 Q - a scroll of brand weapon {unknown}
 S - 3 scrolls of holy word {unknown}
 V - 2 scrolls of random uselessness {unknown}
 X - a scroll of acquirement {unknown}
Potions
 b - 4 potions of curing {unknown}
 e - 4 potions of heal wounds {unknown}
 f - 2 potions of might
 j - a potion of magic {unknown}
 o - 2 potions of flight {unknown}
 r - a potion of agility {unknown}
 t - a potion of brilliance {unknown}
 u - a potion of cancellation {unknown}
 v - 3 potions of haste {unknown}
 w - 2 potions of invisibility {unknown}
 G - 2 potions of ambrosia {unknown}
 I - 3 potions of mutation {unknown}
 N - a potion of berserk rage {unknown}
 R - a potion of degeneration {unknown}
 U - a potion of experience {unknown}
 W - 2 potions of lignification {unknown}
Comestibles
 d - 30 rations


   Skills:
 + Level 12.2 Fighting
 - Level 8.0 Maces & Flails
 - Level 4.1 Armour
 + Level 2.6 Dodging
 - Level 2.1 Stealth
 - Level 4.3 Shields
 + Level 8.4 Spellcasting
 - Level 10.0 Conjurations
 - Level 0.7 Transmutations
 - Level 14.0 Earth Magic


You had 9 spell levels left.
You knew the following spells:

 Your Spells              Type           Power        Failure   Level  Hunger
a - Sandblast             Erth           ######       1%          1    None
b - Passwall              Tmut/Erth      #####...     1%          2    None
c - Stone Arrow           Conj/Erth      ######       1%          3    None
d - Petrify               Tmut/Erth      #####...     9%          4    ###....
e - Lee's Rapid Deconstr  Erth           ######....   1%          5    #####..
f - Sticky Flame          Conj/Fire      ####....     6%          4    ###....

Your spell library contained the following spells:

 Spells                   Type           Power        Failure   Level  Hunger
 Confuse                  Hex            #.......     45%         3    None
 Summon Ice Beast         Ice/Summ       #.......     86%         4    ###....
 Sting                    Conj/Pois      ####         1%          1    None
 Sublimation of Blood     Necr           #.........   26%         2    None
 Shock                    Conj/Air       ####         1%          1    None
 Confusing Touch          Hex            #.....       17%         1    None
 Ignite Poison            Fire/Tmut/Pois #.......     12%         3    None
 Call Canine Familiar     Summ           #.......     45%         3    None
 Metabolic Englaciation   Hex/Ice        #.........   99%         5    #####..
 Summon Butterflies       Summ           #.......     17%         1    None
 Shatter                  Erth           ######....   100%        9    #######
 Alistair's Intoxication  Tmut/Pois      #.......     99%         5    #####..
 Summon Hydra             Summ           #.........   100%        7    #######
 Summon Mana Viper        Hex/Summ       #.......     99%         5    #####..
 Irradiate                Conj/Tmut      ####......   13%         5    #####..
 Gell's Gravitas          Tloc           #.........   45%         3    None
 Yara's Violent Unravell  Hex/Tmut       #.........   67%         5    #####..


Dungeon Overview and Level Annotations

Branches:
Dungeon (8/15)             Temple (1/1) D:6            Lair (6/6) D:8
  Swamp (1/4) Lair:3        Slime (0/5) Lair:6
  Snake: Lair:2-4    Spider: Lair:2-4

Altars:
Ashenzari
Cheibriados
Dithmenos
Elyvilon
Fedhas
Gozag
Hepliaklqana
Kikubaaqudgha
Makhleb
Nemelex Xobeh
Okawaru
Qazlal
Ru
Sif Muna
Trog
Uskayaw
Vehumet
Wu Jian
Xom
Yredelemnul
Zin
The Shining One

Annotations:
D:5 Dowan, Duvessa
Lair:3 Rupert


Innate Abilities, Weirdness & Mutations

You are resistant to torment.
Your stone body is resilient. (AC +9)
You are immune to poison.
You resist negative energy. (rN+)
You are resistant to electric shocks. (rElec)
You can survive without breathing.
You are immune to petrification.
You are immune to rotting.


Message History

You block the hornet's attack.
Evoke which item? (* to show all) (? for menu, Esc to quit)
Aiming: Disintegrate
Press: ? - help, Shift-Dir - straight line, f/p - hornet
Aim: a hornet (heavily wounded, chance to defeat MR: 56%)
The hornet is blasted.
The hornet barely misses you.
The hornet stings you but does no damage.
Evoke which item? (* to show all) (? for menu, Esc to quit)
Aiming: Disintegrate
Press: ? - help, Shift-Dir - straight line, f/p - hornet
Aim: a hornet (almost dead, chance to defeat MR: 56%)
The hornet resists with significant effort.
The hornet misses you.
Evoke which item? (* to show all) (? for menu, Esc to quit)
Aiming: Disintegrate
Press: ? - help, Shift-Dir - straight line, f/p - hornet
Aim: a hornet (almost dead, chance to defeat MR: 56%)
The hornet resists with significant effort.
The hornet stings you!
You die...

♣§..♣ ♣.≈≈≈≈≈.♣♣
♣.≈≈♣ ♣♣..≈≈≈≈≈♣.
♣≈≈≈♣♣♣♣♣♣≈§≈.≈≈≈≈♣.
♣♣....≈♣♣.≈♣..≈..≈♣.
♣.≈≈≈.♣♣≈♣♣.≈≈.≈≈.≈
♣.≈≈≈≈♣♣≈♣♣.≈≈≈♣...
♣♣.≈≈≈.≈..≈.........
♣........≈≈≈♣♣♣...≈♣
♣.y@≈♣...≈≈≈♣♣♣♣♣.≈♣
♣♣≈...≈≈≈≈≈.≈♣♣..≈≈≈
♣♣...≈≈≈≈≈≈§♣♣♣≈...≈
♣♣≈≈♣.≈≈≈≈.≈≈♣♣♣.§♣≈.
♣....≈≈≈≈≈...≈♣≈♣♣♣♣♣
♣.≈≈≈≈≈≈≈≈.♣♣♣♣♣♣ ♣♣
♣≈...§...≈.♣ ♣≈
♣).......≈♣♣ ♣.
♣.≈≈≈....♣♣ ♣♣.


You could see a hornet.

Vanquished Creatures
  7 hydras
  An alligator (Swamp:1)
  A shambling mangrove (Swamp:1)
  4 lindwurms (Lair:5)
  3 black mambas
  6 elephants
  10 spiny frogs
  3 komodo dragons
  5 rime drakes
  4 hornets
  2 tyrant leeches (Swamp:1)
  Prince Ribbit (D:5)
  10 slime creatures (Swamp:1)
  14 blink frogs
  2 hippogriffs
  2 spriggans
  A wyvern (Lair:3)
  Sigmund (D:3)
  A basilisk (Lair:4)
  19 yaks
  A warg (Lair:1)
  A swamp worm (Swamp:1)
  4 insubstantial wisps (Swamp:1)
  5 water moccasins
  8 porcupines
  A sky beast (D:5)
  4 ice beasts
  A swamp drake (Swamp:1)
  An orc warrior (D:7)
  An eye of draining (D:8)
  6 ogres
  2 phantoms
  5 wolves (Lair:1)
  A centaur (D:8)
  11 crocodiles
  10 bullfrogs
  2 scorpions
  6 killer bees (D:7)
  A howler monkey (D:5)
  A bullfrog zombie (D:7)
  2 centaur zombies
  5 hounds
  5 jellies
  2 orc priests
  Natasha (D:2)
  5 iguanas
  3 orc wizards
  3 hell rats
  2 worker ants
  2 killer bee zombies
  3 gnolls (D:5)
  10 adders
  4 river rats (Lair:3)
  4 oozes (Lair:6)
  An adder skeleton (D:6)
  A worm (D:2)
  A dart slug (D:2)
  4 leopard geckos
  9 orcs
  A ball python (D:4)
  7 giant cockroaches
  6 goblins
  8 hobgoblins
  14 jackals
  8 kobolds
  2 quokkas
  10 bats
  5 frilled lizards
  A jackal skeleton (D:6)
  A leopard gecko skeleton (D:6)
  14 rats
313 creatures vanquished.

Vanquished Creatures (others)
  A hydra (Lair:6)
  A plant (Lair:6)
2 creatures vanquished.

Grand Total: 315 creatures vanquished

Notes
Turn   | Place    | Note
-------+----------+-------------------------------------------
     0 | D:1      | Gergoth the Gargoyle Earth Elementalist began the quest for the Orb.
     0 | D:1      | Reached XP level 1. HP: 10/10 MP: 3/3
   130 | D:1      | Reached XP level 2. HP: 15/15 MP: 0/5
   153 | D:1      | Reached skill level 4 in Earth Magic
   665 | D:2      | Reached XP level 3. HP: 19/19 MP: 4/6
   900 | D:2      | Reached skill level 1 in Shields
  1146 | D:2      | Found a sparkling altar of Nemelex Xobeh.
  1262 | D:2      | Reached XP level 4. HP: 21/24 MP: 8/8
  1632 | D:2      | Noticed Natasha
  2104 | D:3      | Found a shimmering altar of Xom.
  2354 | D:3      | Noticed a phantom
  2372 | D:3      | Learned a level 2 spell: Passwall
  2478 | D:3      | Noticed Sigmund
  2772 | D:2      | Learned a level 3 spell: Stone Arrow
  2789 | D:2      | Killed Natasha
  2789 | D:2      | Reached XP level 5. HP: 28/28 MP: 2/9
  2996 | D:4      | Reached skill level 5 in Earth Magic
  3186 | D:4      | Noticed an ogre
  3191 | D:4      | Noticed an ogre
  3222 | D:4      | Killed an ogre
  3222 | D:4      | Reached XP level 6. HP: 32/32 MP: 0/11
  3525 | D:3      | Learned a level 4 spell: Petrify
  3903 | D:3      | Killed Sigmund
  3903 | D:3      | Reached skill level 1 in Armour
  3903 | D:3      | Reached skill level 6 in Earth Magic
  3903 | D:3      | Reached XP level 7. HP: 36/36 MP: 8/13
  4077 | D:3      | You fall through a shaft for 3 floors!
  4395 | D:5      | Entered Level 5 of the Dungeon
  4410 | D:5      | Noticed Duvessa
  4718 | D:5      | Noticed Prince Ribbit
  4721 | D:5      | Killed Prince Ribbit
  4721 | D:5      | Reached skill level 5 in Spellcasting
  4721 | D:5      | Reached skill level 7 in Earth Magic
  4721 | D:5      | Reached XP level 8. HP: 41/41 MP: 12/15
  4833 | D:5      | Learned a level 5 spell: Lee's Rapid Deconstruction
  5291 | D:5      | Noticed Dowan
  5383 | D:3      | Reached skill level 8 in Earth Magic
  6106 | D:6      | Found a staircase to the Ecumenical Temple.
  6114 | Temple   | Entered the Ecumenical Temple
  6121 | Temple   | Became a worshipper of Vehumet
  6333 | D:6      | Found a shadowy altar of Dithmenos.
  6346 | D:6      | Found an ornate altar of the Wu Jian Council.
  6348 | D:6      | Found an iron altar of Okawaru.
  6432 | D:7      | Reached XP level 9. HP: 45/45 MP: 11/18
  6443 | D:7      | Found an ancient bone altar of Kikubaaqudgha.
  6445 | D:7      | Found a hide-covered altar of Uskayaw.
  6447 | D:7      | Found a sacrificial altar of Ru.
  6447 | D:7      | Found a stormy altar of Qazlal.
  6447 | D:7      | Found a basalt altar of Yredelemnul.
  6447 | D:7      | Found a deep blue altar of Sif Muna.
  6652 | D:7      | Reached skill level 9 in Earth Magic
  7010 | D:7      | Reached skill level 10 in Earth Magic
  7177 | D:7      | Reached * piety under Vehumet
  7177 | D:7      | Offered knowledge of Sting by Vehumet.
  7275 | D:7      | Found an opulent altar of Gozag.
  7499 | D:8      | Reached skill level 11 in Earth Magic
  7558 | D:7      | Reached XP level 10. HP: 38/50 MP: 4/22
  7702 | D:8      | Reached skill level 12 in Earth Magic
  8199 | D:8      | Found an iron altar of Okawaru.
  8354 | D:8      | Found a staircase to the Lair.
  8545 | Lair:1   | Entered Level 1 of the Lair of Beasts
  8566 | Lair:1   | Reached skill level 13 in Earth Magic
  8720 | Lair:1   | Noticed a spiny frog
  8733 | Lair:1   | Killed a spiny frog
  9083 | Lair:1   | Reached skill level 14 in Earth Magic
  9391 | Lair:1   | Reached skill level 1 in Fighting
  9391 | Lair:1   | Reached skill level 1 in Maces & Flails
  9391 | Lair:1   | Reached skill level 1 in Conjurations
  9475 | Lair:1   | Noticed a spiny frog
  9479 | Lair:1   | Killed a spiny frog
  9875 | Lair:2   | Noticed a black mamba
  9877 | Lair:2   | Killed a black mamba
  9877 | Lair:2   | Reached XP level 11. HP: 51/60 MP: 20/23
 10220 | Lair:2   | Found a stormy altar of Qazlal.
 10436 | Lair:3   | Offered knowledge of Flame Tongue by Vehumet.
 10454 | Lair:2   | Reached ** piety under Vehumet
 11042 | Lair:3   | Reached skill level 5 in Fighting
 11042 | Lair:3   | Reached skill level 5 in Conjurations
 11174 | Lair:3   | Identified the Tome of the Destructive Mountains
 11196 | Lair:3   | Reached skill level 5 in Maces & Flails
 11334 | Lair:3   | Noticed an eight-headed hydra
 11345 | Lair:3   | Killed an eight-headed hydra
 11587 | Lair:3   | Noticed a six-headed hydra
 11707 | Lair:3   | Killed a six-headed hydra
 11707 | Lair:3   | Reached XP level 12. HP: 52/71 MP: 18/24
 11882 | Lair:3   | Found a staircase to the Swamp.
 11892 | Lair:3   | Noticed Rupert
 11901 | Lair:4   | Offered knowledge of Inner Flame by Vehumet.
 12120 | Lair:4   | Reached *** piety under Vehumet
 12708 | Lair:4   | Noticed a four-headed hydra
 12714 | Lair:4   | Killed a four-headed hydra
 14444 | Lair:6   | Entered Level 6 of the Lair of Beasts
 14469 | Lair:6   | Noticed a five-headed hydra
 14475 | Lair:6   | Killed a five-headed hydra
 14475 | Lair:6   | Offered knowledge of Fulminant Prism by Vehumet.
 14633 | Lair:6   | Noticed a six-headed hydra
 14643 | Lair:6   | Killed a six-headed hydra
 14664 | Lair:6   | HP: 1/76 [black mamba (6)]
 14665 | Lair:6   | Reached XP level 13. HP: 1/80 MP: 0/25
 15282 | Lair:6   | Reached skill level 10 in Fighting
 15282 | Lair:6   | Reached skill level 10 in Conjurations
 15415 | Lair:6   | Found a staircase to the Slime Pits.
 15420 | Lair:6   | Reached **** piety under Vehumet
 16016 | Lair:3   | Got a scorched hand axe
 16158 | Swamp:1  | Entered Level 1 of the Swamp
 16539 | Swamp:1  | Offered knowledge of Sticky Flame by Vehumet.
 16711 | Swamp:1  | Learned a level 4 spell: Sticky Flame
 17657 | Swamp:1  | HP: 2/86 [hornet[a shambling mangrove] (10)]
 17663 | Swamp:1  | Mangled by a hornet

Skill      XL: |  1  2  3  4  5  6  7  8  9 10 11 12 13 |
---------------+----------------------------------------+-----
Earth Magic    | 4 5 6 7 8 11 14 | 14.0
Shields        | 1 2 3 4 |  4.3
Spellcasting   | 3 4 5 6 8 |  8.4
Armour         | 1 3 4 |  4.1
Fighting       | 3 6 9 12 | 12.2
Maces & Flails | 2 6 8 |  8.0
Conjurations   | 2 6 9 10 | 10.0
Dodging        | 2 |  2.6
Stealth        | |  2.1
Transmutations | |  0.7

Action                   |  1- 3 |  4- 6 |  7- 9 | 10-12 | 13-15 || total
-------------------------+-------+-------+-------+-------+-------++-------
Melee: Unarmed           |    24 |       |       |       |       ||    24
       Club              |    45 |    65 |       |       |       ||   110
       Whip              |       |   113 |    30 |       |       ||   143
       Flail             |       |       |    63 |   164 |    45 ||   272
 Cast: Sandblast         |    42 |    10 |    64 |    94 |    67 ||   277
       Stone Arrow       |       |     8 |    60 |   168 |    66 ||   302
       Passwall          |       |     1 |     4 |       |       ||     5
       Petrify           |       |     5 |     1 |       |     1 ||     7
       Lee's Rapid Decon |       |       |    10 |    28 |     1 ||    39
       Sticky Flame      |       |       |       |       |     8 ||     8
Evoke: Wand              |       |       |       |       |    10 ||    10
 Stab: Sleeping          |       |     2 |     2 |       |       ||     4
  Eat: Chunk             |     2 |     9 |    15 |    21 |     5 ||    52
       Ration            |       |     1 |       |     2 |     2 ||     5
Armor: Robe              |    30 |    43 |    52 |       |       ||   125
       Ring mail         |       |    25 |       |   237 |    60 ||   322
Dodge: Dodged            |    69 |   148 |   114 |   171 |    46 ||   548
Block: Buckler           |       |     4 |    20 |    77 |    23 ||   124
